Map: Prion Terraces

Players

Miszu

  • Race: Terran Terran
  • League: Master

FightingFrog - Winner!

  • Race: Protoss Protoss
  • League: Master

VOD

Have the link to the VOD?

Description

Time

  • Played on: March 11, 2016, 1:52 p.m.
  • Length: 3:45
Show
View Real Time Build Order
Export as new Build Order

Miszu Terran 

Build Orders:  

Get SALT Encoding   

  12  0:00  SCV  
  13  0:12  SCV  
  14  0:20  Supply Depot  
  14  0:25  SCV  
  16  0:45  Barracks  
  16  0:52  Barracks  
  15  1:06  Barracks  
  15  1:32  Marine  
  16  1:33  Barracks  
  16  1:39  Supply Depot  
  16  1:40  Marine  
  17  1:50  Marine  
  18  1:54  Marine  
  18  1:58  Marine  
  20  2:08  Marine  
  21  2:12  Marine  
  21  2:15  Marine  
  21  2:21  Marine  
  22  2:25  Marine  
  23  2:30  Marine  
  23  2:33  Marine  
  23  2:35  Supply Depot  
  25  2:39  Marine  
  25  2:43  Marine  
  27  2:47  Marine  
  28  2:51  Marine  
  28  2:57  Marine  
Show
View Real Time Build Order
Export as new Build Order

FightingFrog Protoss - Winner!

Build Orders:  

Get SALT Encoding   

  12  0:01  Probe (Chrono Boost)  
  13  0:11  Probe (Chrono Boost)  
  14  0:17  Pylon  
  14  0:22  Probe (Chrono Boost)  
  16  0:35  Probe (Chrono Boost)  
  16  0:38  Gateway  
  16  0:46  Probe (Chrono Boost)  
  16  0:47  Assimilator  
  17  0:57  Probe (Chrono Boost)  
  18  1:07  Probe (Chrono Boost)  
  19  1:16  Forge  
  19  1:22  Probe (Chrono Boost)  
  19  1:25  Cybernetics Core  
  20  1:29  Pylon  
  20  1:32  Probe (Chrono Boost)  
  21  1:37  Zealot (Chrono Boost)  
  23  1:50  Photon Cannon  
  23  1:58  Photon Cannon  
  23  2:03  Mothership Core  
  27  2:16  Adept (Chrono Boost)  
  27  2:29  Photon Cannon  
  27  2:35  Probe, Photon Cannon  
  28  2:39  Assimilator  
  28  2:47  Sentry (Chrono Boost), Probe  
  31  3:02  Pylon  
  31  3:05  Pylon  
  31  3:20  Probe  
  32  3:27  Photon Cannon  
  32  3:29  Photon Cannon  
  32  3:32  Probe  
  33  3:35  Photon Cannon  
Tags
 
Add a new tag
Caveats
  • Supply blocks, unpowered buildings, or Contaminate may cause inaccurate times.
  • Supply counts are checked every 10 seconds.